 Dungeon Crawl Stone Soup version 0.18-a0-1070-gd466a24 (webtiles) character file.

35 tof the Skirmisher (level 3, 0/29 HPs)
             Began as a Demonspawn Fighter on Jan 13, 2016.
             Slain by a gnoll
             ... wielding a +0 whip
              (4 damage)
             ... on level 2 of the Dungeon.
             The game lasted 00:02:13 (836 turns).

tof the Skirmisher (Demonspawn Fighter)              Turns: 836, Time: 00:02:13

Health: 0/29       AC:  7    Str: 16    XL:     3   Next: 16%
Magic:  3/3        EV:  4    Int:  9    God:
Gold:   45         SH:  0    Dex: 13    Spells: 0 memorised, 2 levels left

rFire  . . .     SeeInvis .     n - +0 hunting sling (curse)
rCold  + . .     Gourm    .     h - +0 scale mail (curse)
rNeg   . . .     Faith    +     c - +0 shield
rPois  .         Spirit   .     (no helmet)
rElec  .         Dismiss  .     (no cloak)
rCorr  .         Reflect  .     (no gloves)
SustAt .         Harm     .     p - +0 pair of boots
MR     .....                    e - amulet of faith
Stlth  ..........               (no ring)
                                g - ring of flight

@: held, not resistant to hostile enchantments, extremely unstealthy
A: cold resistance 1, freezing cloud immunity
a: Evoke Flight


You were on level 2 of the Dungeon.
You were not hungry.

You visited 1 branch of the dungeon, and saw 2 of its levels.

You collected 45 gold pieces.

Inventory:

Hand Weapons
 a - a +0 trident
 n - a cursed +0 hunting sling (weapon)
Missiles
 l - 14 sling bullets
 o - 21 stones (quivered)
Armour
 b - a +0 scale mail
 c - a +0 shield (worn)
 h - a cursed +0 scale mail (worn)
 p - a +0 pair of boots (worn)
Jewellery
 e - an amulet of faith (around neck)
 g - a ring of flight (left hand)
Scrolls
 i - a scroll of noise {unknown}
Potions
 d - a potion of might
 k - a potion of curing
Comestibles
 f - a bread ration
 j - a beef jerky
 q - 4 chunks of flesh


   Skills:
 + Level 3.3 Fighting
 + Level 1.9 Polearms
 + Level 1.0 Slings
 + Level 3.0 Armour
 + Level 0.5 Dodging
 + Level 2.9 Shields


You had 2 spell levels left.
You didn't know any spells.

Dungeon Overview and Level Annotations

Branches:
Dungeon (2/15)

Altars:


Innate Abilities, Weirdness & Mutations

Your flesh is cold resistant.
You are immune to freezing clouds.


Message History

The gnoll hits you with a whip. You block the gnoll's attack. x2
Firing (i - inventory. (,) - cycle):
o - 22 stones (quivered)
Press: ? - help, Shift-Dir - straight line, f/p - gnoll
Aim: a gnoll, wielding a whip (severely wounded)
You shoot a stone.
The stone hits the gnoll but does no damage.
The gnoll is severely wounded.
You block the gnoll's attack. The gnoll hits you with a whip.
The gnoll throws a throwing net.
The throwing net hits you.
You become entangled in the net!
The gnoll hits you from afar with a spear!
* * * LOW HITPOINT WARNING * * *
You are too injured to fight recklessly!
You are too injured to fight recklessly!
You cannot shoot with your hunting sling while held in a net.
You cannot shoot with your hunting sling while held in a net.
You cannot shoot with your hunting sling while held in a net.
You cannot shoot with your hunting sling while held in a net.
You struggle against the net.
The gnoll hits you with a whip.
You die...

#.# .. #.# .# #.#
.# ##.###.#
#......# #.#
#.###..# .###.#
######.# #g.##.#
....#
#......###gg...#
#..#
#.####((.@$.####
#..###.# ###(##..#
#......#####...##.#
#..#......#..#.(#.#
#.......#...# #...#
#.##.##.#....# (#(.
#..........#). #.#
####.#.#......
#.#.....##


You could see 3 gnolls.

Vanquished Creatures
  A gnoll (D:2)
  An ooze (D:1)
  A giant gecko (D:1)
  A ball python (D:1)
  2 bats
  4 goblins (D:1)
  2 hobgoblins (D:1)
  3 kobolds (D:1)
  4 rats (D:1)
19 creatures vanquished.

Notes
Turn   | Place    | Note
--------------------------------------------------------------
     0 | D:1      | tof the Demonspawn Fighter began the quest for the Orb.
     0 | D:1      | Reached XP level 1. HP: 18/18 MP: 1/1
   394 | D:1      | Gained mutation: Your flesh is cold resistant. [demonic ancestry]
   394 | D:1      | Reached XP level 2. HP: 24/24 MP: 2/2
   822 | D:2      | Reached skill level 1 in Slings
   822 | D:2      | Gained mutation: You are immune to freezing clouds. [demonic ancestry]
   822 | D:2      | Reached XP level 3. HP: 24/29 MP: 3/3
   836 | D:2      | Slain by a gnoll

Vault maps used:
D:1:      lemuel_arrival_room, kennysheep_decorative_pillar
D:2:      uniq_natasha

Action                   || total
-------------------------++-------
Melee: Trident           ||    14
 Fire: Hunting sling     ||    58
  Use: Scroll            ||     4
